 Dungeon Crawl Stone Soup version 0.27-a0-1302-g7736ffe575 (webtiles) character file.

Game seed: 7814962157401021916

44 Feb132020 the Firebug (level 3, -1/19 HPs)
             Began as a Tengu Fire Elementalist on June 18, 2021.
             Slain by an adder (4 damage)
             ... on level 2 of the Dungeon.
             The game lasted 00:07:36 (1670 turns).

Feb132020 the Firebug (Tengu Fire Elementalist)     Turns: 1670, Time: 00:07:37

Health: -1/19      AC:  2    Str:  8    XL:     3   Next: 60%
Magic:  4/7        EV: 12    Int: 16    God:
Gold:   106        SH:  0    Dex: 14    Spells: 6/7 levels left

rFire    . . .     SeeInvis .   e - +0 dagger
rCold    . . .     Faith    .   (no shield)
rNeg     . . .     Spirit   .   a - +0 robe
rPois    .         Reflect  .   (helmet restricted)
rElec    .         Harm     .   (no cloak)
rCorr    .         Rampage  .   (no gloves)
Will     .....                  (boots unavailable)
Stlth    ++........             (no amulet)
HPRegen  0.06/turn              (no ring)
MPRegen  0.10/turn              (no ring)

@: lethally poisoned (-1 -> -3)
A: beak, talons 3
a: no special abilities


You were on level 2 of the Dungeon.
You visited 1 branch of the dungeon, and saw 2 of its levels.

You collected 106 gold pieces.

Inventory:

Hand Weapons
 e - a +0 dagger (weapon)
Armour
 a - a +0 robe (worn)
Scrolls
 b - a scroll of identify {unknown}
 c - a scroll of torment {unknown}
 d - a scroll of teleportation {unknown}
 f - a scroll of enchant weapon {unknown}
Potions
 g - a potion of curing {unknown}
 h - a potion of mutation {unknown}


   Skills:
 + Level 2.4 Dodging
 + Level 2.2 Stealth
 + Level 2.5 Spellcasting
 + Level 1.8 Conjurations
 + Level 4.1 Fire Magic


You had 6 spell levels left.
You knew the following spells:

 Your Spells              Type           Power      Damage    Failure   Level
a - Foxfire               Conj/Fire      44%        2x1d6     6%          1

Your spell library contained the following spells:

 Spells                   Type           Power      Damage    Failure   Level
 Conjure Flame            Conj/Fire      11%        6-21      17%         3
 Inner Flame              Hex/Fire       8%         N/A       26%         3
 Passwall                 Tmut/Erth      1%         N/A       30%         2
 Sticky Flame             Conj/Fire      11%        2d3       50%         4
 Swiftness                Air            2%         N/A       52%         3
 Fireball                 Conj/Fire      5%         3d5       85%         5
 Passage of Golubria      Tloc           N/A        N/A       89%         4
 Lee's Rapid Deconstruct  Erth           1%         3d5*      99%         5
 Invisibility             Hex            1%         N/A       100%        6


Dungeon Overview and Level Annotations

Branches:
Dungeon (2/15)

Altars:

Annotations:
D:2 1 runed translucent door, exclusion: door


Innate Abilities, Weirdness & Mutations

You have a beak for a mouth.
You have claws for feet.


Message History

The adder bites you.
Casting: Foxfire (safe; 6% risk of failure)
Confirm with . or Enter, or press ? or * to list all spells.
You conjure some foxfire!
The adder completely misses you. The adder bites you.
Casting: Foxfire (safe; 6% risk of failure)
Confirm with . or Enter, or press ? or * to list all spells.
You conjure some foxfire!
The foxfire hits the adder.
The adder is severely wounded.
The adder closely misses you.
Unknown command.
The foxfire hits the adder but does no damage.
The adder is severely wounded.
The foxfire hits the adder.
The adder is severely wounded.
The adder bites you. The adder bites you. The adder bites you.
The adder closely misses you. The adder bites you but does no damage.
Casting: Foxfire (safe; 6% risk of failure)
Confirm with . or Enter, or press ? or * to list all spells.
You conjure some foxfire!
The adder bites you.
You are poisoned.
The adder poisons you!
Unknown command.
* * * LOW HITPOINT WARNING * * *
You feel sick.
The foxfire hits the adder but does no damage.
The adder is severely wounded.
The foxfire hits the adder.
The adder is almost dead.
Unknown command.
Sorry, you're not good enough to have a special ability.
Unknown command.
Casting: Foxfire (safe; 6% risk of failure)
Confirm with . or Enter, or press ? or * to list all spells.
You conjure some foxfire!
* * * LOW HITPOINT WARNING * * *
You feel sick. The adder bites you.
You die...

######.....###.#.#.###.#.##......
.................#.....#....#####
######.)......######.#####....#
#.##...#..[.#.....#.v..#.#
#.#########.#.###.#.##.#.###
#...........#.# #...##.#....
###########...# ######.#####
#Sv## #.# # #@ยง# #.# ## #v## #.#
##. #.# #.###.. #.# #.).... #.#
##..... #.# ###..... #.# #.......
#.# #.#..... #.######


You could see an adder (ally target).

Vanquished Creatures
  An adder (D:2)
  A dart slug (D:1)
  3 bats
  6 endoplasms (D:1)
  A goblin (D:1)
  4 hobgoblins (D:1)
  2 jackals (D:1)
  A quokka (D:1)
  4 ball pythons
  2 frilled lizards (D:1)
  A kobold (D:2)
  3 rats
29 creatures vanquished.

Vanquished Creatures (others)
  92 foxfires
  2 plants (D:1)
94 creatures vanquished.

Grand Total: 123 creatures vanquished

Notes
Turn   | Place    | Note
-------+----------+-------------------------------------------
     0 | D:1      | Feb132020 the Tengu Fire Elementalist began the quest for
                  | the Orb.
     0 | D:1      | Reached XP level 1. HP: 10/10 MP: 4/4
   183 | D:1      | Reached XP level 2. HP: 15/15 MP: 4/6
   435 | D:1      | Reached skill level 4 in Fire Magic
   718 | D:1      | Reached XP level 3. HP: 19/19 MP: 4/7
  1203 | D:2      | Found a runed translucent door.
  1670 | D:2      | Slain by an adder

Illustrated notes

Levels and vault maps discovered:
D:1:      onia_arrival_mini_maze_b, layout_basic, serial_bayou_pond_b
D:2:      layout_loops_ring, uniq_natasha, uniq_crazy_yiuf_cottage

Skill      XL: |  1  2 |
---------------+-------+-----
Fire Magic     | 4 |  4.1
Dodging        | |  2.4
Stealth        | |  2.2
Spellcasting   | |  2.5
Conjurations   | |  1.8

Action                   || total
-------------------------++-------
Melee: Dagger            ||     1
 Cast: Foxfire           ||    55
  Use: Scroll            ||     1
Armor: Robe              ||    20
Dodge: Dodged            ||    29

Table legend: (Time is in decaauts)
 A = Elapsed time spent in this place.
 B = Non-inter-level travel time spent in this place.
 C = Inter-level travel time spent in this place.
 D = Time resting spent in this place.
 E = Time spent auto-exploring this place.
 F = Levels seen in this place.
 G = Mean time per level.
                   A        B        C        D        E       F      G
               +--------+--------+--------+--------+--------+-----+--------+
         Total |   1671 |   1653 |     18 |      0 |   1433 |   2 |  835.5 |
       Dungeon |   1671 |   1653 |     18 |      0 |   1433 |   2 |  835.5 |
               +--------+--------+--------+--------+--------+-----+--------+

Top non-repeatable levels by time:
     D:1: 954 daAuts
     D:2: 716 daAuts
